AoeStats
← ANDREEVICH

Fortress

508222413Analyzed
4v4 RM · 12d ago on Sep 21, 2026· 56m 54s· 8 players
Game mode
Random Map
Map size
Huge
Population
200
Speed
Normal
Resources
Standard
Victory
Conquest
Starting age
Dark Age
Ending age
Imperial Age
RankedLock teamsTeams togetherTeam positionsShared explorationLock speedFull tech treeHidden civsTurbo modeCheats
Victory
Defeat
🇨🇳 Franks · China
794
+15
🇮🇳 Teutons · India
767
+16
🇨🇳 Wu · China
756
+17
🇹🇷 Turks · Türkiye
752
+17
🇺🇦 Byzantines · Ukraine
805
-18
🇸🇰 Turks · Slovakia
793
-17
🇷🇺 Shu · Russia
766
-16
🇪🇸 Slavs · Spain
722
-14
bigame
10:50 Feudal Age
16:05 Castle Age
21:48 Imperial Age
21:23 Horse Collar
22:14 Double-Bit Axe
23:44 Heavy Plow
27:52 Wheelbarrow
27:57 Bow Saw
28:17 Gold Mining
30:12 Two-Man Saw
29:10 Stone Mining
31:07 Hand Cart
31:46 Gold Shaft Mining
31:42 Ballistics
32:49 Conscription
32:25 Elite Janissary
35:10 Forging
35:00 Scale Mail Armor
35:05 Scale Barding Armor
35:56 Heavy Camel Rider
36:37 Husbandry
36:48 Bloodlines
37:41 Iron Casting
37:22 Chain Mail Armor
36:58 Fletching
37:08 Padded Archer Armor
41:31 Blast Furnace
40:52 Chain Barding Armor
44:18 Plate Mail Armor
44:24 Plate Barding Armor
48:56 Bodkin Arrow
54:54 Leather Archer Armor
54:41 Bracer
GMTY0712
6:20 Loom
8:26 Feudal Age
9:32 Double-Bit Axe
9:39 Horse Collar
15:16 Castle Age
17:03 Bow Saw
17:59 Heavy Plow
17:54 Gold Mining
18:09 Stone Mining
28:37 Treadmill Crane
28:54 Fletching
29:05 Padded Archer Armor
31:39 Imperial Age
30:31 Wheelbarrow
29:42 Town Watch
31:04 Gold Shaft Mining
31:05 Stone Shaft Mining
30:56 Ballistics
30:49 Masonry
31:00 Bodkin Arrow
31:20 Leather Archer Armor
31:58 Red Cliffs Tactics
33:38 Two-Man Saw
32:41 Herbal Medicine
35:23 Chemistry
34:54 Architecture
34:46 Hand Cart
34:31 Town Patrol
36:03 Guard Tower
36:09 Murder Holes
36:38 Conscription
36:18 Sitting Tiger
35:39 Elite Fire Archer
37:56 Bracer
37:57 Scale Mail Armor
38:08 Forging
40:28 Chain Mail Armor
40:48 Iron Casting
40:17 Squires
39:39 Pikeman
40:04 Arson
41:30 Caravan
42:09 Coinage
41:49 Guilds
41:16 Halberdier
41:16 Man-at-Arms
44:13 Long Swordsman
45:29 Two-Handed Swordsman
47:47 Champion
50:04 Light Cavalry
50:55 Bloodlines
50:45 Husbandry
50:06 Heavy Hei Guang Cavalry
53:11 Keep
55:13 Onager
55:14 Heavy Scorpion
ksffvbh
0:38 Loom
9:05 Feudal Age
10:32 Wheelbarrow
11:16 Double-Bit Axe
16:21 Castle Age
18:13 Bow Saw
18:53 Hand Cart
19:57 Gold Mining
19:59 Stone Mining
20:19 Caravan
20:41 Forging
20:37 Scale Barding Armor
22:16 Husbandry
30:29 Imperial Age
29:45 Iron Casting
29:11 Scale Mail Armor
29:33 Chain Barding Armor
32:16 Blast Furnace
30:43 Cavalier
33:00 Gold Shaft Mining
33:18 Paladin
34:15 Town Watch
35:03 Town Patrol
36:34 Conscription
36:54 Plate Barding Armor
39:22 Light Cavalry
40:23 Chivalry
40:48 Capped Ram
42:53 Light Cavalry
anuraag.ch
8:20 Feudal Age
6:36 Loom
10:07 Town Watch
12:54 Castle Age
15:20 Town Patrol
15:31 Fletching
21:53 Wheelbarrow
22:39 Bodkin Arrow
26:35 Ironclad
26:58 Double-Bit Axe
27:22 Gold Mining
31:36 Imperial Age
43:10 Hand Cart
45:01 Conscription
44:11 Sappers
45:17 Hoardings
46:56 Stone Mining
48:31 Crenellations
48:49 Hoardings
50:33 Cavalier
51:52 Masonry
54:35 Paladin
55:32 Bloodlines
Pr8feSS8r
7:22 Feudal Age
9:50 Double-Bit Axe
12:32 Castle Age
14:55 Bow Saw
16:33 Gold Mining
17:57 Wheelbarrow
17:45 Loom
19:17 Hand Cart
19:04 Horse Collar
21:32 Bloodlines
25:47 Imperial Age
25:53 Forging
27:37 Two-Man Saw
26:43 Heavy Plow
27:31 Iron Casting
27:02 Town Watch
29:13 Blast Furnace
31:03 Crop Rotation
31:45 Town Patrol
31:52 Scale Barding Armor
32:30 Detinets
33:38 Chain Barding Armor
33:20 Husbandry
36:16 Plate Barding Armor
35:08 Elite Boyar
37:30 Gold Shaft Mining
36:47 Stone Mining
37:38 Onager
38:54 Masonry
40:42 Siege Engineers
43:55 Caravan
49:20 Conscription
Busonada-2017
0:57 Loom
9:59 Feudal Age
13:58 Castle Age
13:31 Wheelbarrow
15:12 Double-Bit Axe
19:13 Hand Cart
27:15 Imperial Age
24:53 Gold Mining
28:22 Caravan
28:53 Coinage
28:33 Guilds
31:43 Husbandry
32:17 Bloodlines
33:09 Fortified Wall
33:22 Ballistics
32:59 Murder Holes
34:16 Banking
34:09 Bow Saw
36:12 Two-Man Saw
35:10 Heavy Camel Rider
36:48 Scale Barding Armor
36:53 Forging
36:35 Fletching
39:32 Horse Collar
40:31 Gold Shaft Mining
39:46 Stone Mining
40:11 Elite Janissary
41:10 Heavy Plow
42:06 Artillery
42:33 Cavalier
45:08 Chain Barding Armor
45:24 Iron Casting
44:44 Bodkin Arrow
44:50 Padded Archer Armor
stefan
7:35 Feudal Age
6:26 Loom
8:31 Horse Collar
8:39 Double-Bit Axe
10:02 Wheelbarrow
18:39 Castle Age
16:42 Gold Mining
16:45 Stone Mining
20:10 Bow Saw
20:21 Caravan
21:12 Heavy Plow
24:41 Imperial Age
25:28 Hand Cart
28:11 Chemistry
27:22 Fortified Wall
28:35 Two-Man Saw
29:08 Gold Shaft Mining
28:00 Pikeman
30:30 Ballistics
31:20 Murder Holes
31:16 Halberdier
31:56 Squires
33:27 Forging
33:25 Scale Barding Armor
34:41 Arrowslits
36:07 Fletching
36:17 Padded Archer Armor
36:39 Chain Barding Armor
36:55 Iron Casting
36:59 Crop Rotation
37:37 Elite Cataphract
38:39 Conscription
38:30 Logistica
38:54 Husbandry
38:15 Cavalier
39:56 Heavy Cavalry Archer
40:45 Thumb Ring
41:50 Bodkin Arrow
42:11 Leather Archer Armor
42:31 Plate Barding Armor
41:41 Paladin
49:10 Heavy Camel Rider
51:25 Bracer
51:55 Ring Archer Armor
51:26 Scale Mail Armor
ANDREEVICH
8:09 Feudal Age
8:34 Horse Collar
8:44 Double-Bit Axe
9:01 Loom
11:58 Wheelbarrow
12:43 Gold Mining
16:57 Castle Age
15:38 Stone Mining
18:25 Gold Shaft Mining
18:24 Bow Saw
19:25 Heavy Plow
21:28 Caravan
25:06 Hand Cart
24:37 Town Watch
26:29 Thumb Ring
29:58 Imperial Age
30:21 Husbandry
32:06 Masonry
31:52 Murder Holes
32:09 Fortified Wall
32:36 Heavy Cavalry Archer
35:07 Two-Man Saw
33:31 Heavy Hei Guang Cavalry
35:10 Fletching
35:28 Scale Barding Armor
35:23 Scale Mail Armor
35:34 Forging
35:24 Padded Archer Armor
36:50 Bodkin Arrow
37:16 Chain Barding Armor
40:12 Bracer
44:08 Conscription
44:46 Plate Barding Armor
44:31 Leather Archer Armor
Connection lost

Rejoining the realm…

Still unreachable

The connection could not be restored.

Session expired

The server has moved on; the page needs a fresh start.